Map: World of Sleepers LE

Players

AbceHT - Winner!

  • Race: Protoss Protoss
  • League: Master
  • Spawn Location: 1:00

Mez

  • Race: Terran Terran
  • League: Master
  • Spawn Location: 7:00

VOD

Have the link to the VOD?

Description

Time

  • Played on: Sept. 2, 2019, 9:57 a.m.
  • Length: 12:57
Show
View Real Time Build Order
Export as new Build Order

AbceHT Protoss - Winner!

Build Orders:  

Get SALT Encoding   

  12  0:01  Probe  
  13  0:13  Probe  
  14  0:17  Pylon  
  14  0:23  Probe  
  15  0:32  Probe  
  15  0:39  Gateway  
  15  0:40  Probe  
  16  0:46  Assimilator  
  17  0:51  Probe  
  18  1:03  Probe  
  19  1:15  Probe  
  20  1:26  Cybernetics Core  
  20  1:35  Pylon  
  20  1:37  Gateway  
  20  1:40  Zealot  
  22  2:00  Stalker  
  22  2:04  Shield Battery  
  22  2:06  Warp Gate  
  23  2:23  Shield Battery  
  23  2:29  Zealot  
  21  2:40  Zealot  
  23  2:49  Probe  
  23  3:01  Probe  
  24  3:05  Robotics Facility  
  24  3:13  Probe, Zealot x2  
  29  3:22  Pylon  
  29  3:25  Probe  
  30  3:46  Probe  
  24  3:58  Probe  
  24  3:59  Sentry  
  27  4:09  Zealot  
  29  4:18  Probe  
  30  4:27  Probe  
  31  4:31  Stalker  
  31  4:36  Probe  
  33  4:42  Pylon  
  34  4:56  Probe  
  34  4:57  Stalker  
  36  5:04  Probe  
  37  5:08  Stalker  
  40  5:23  Probe  
  40  5:25  Assimilator  
  41  5:33  Zealot  
  41  5:35  Probe  
  44  5:39  Zealot  
  46  5:47  Probe  
  47  5:50  Pylon  
  47  6:09  Stalker x2  
  51  6:12  Observer  
  52  6:24  Robotics Bay  
  52  6:32  Zealot  
  54  6:43  Pylon  
  54  6:45  Pylon  
  50  6:50  Pylon  
  48  6:57  Colossus  
  48  7:01  Pylon  
  54  7:21  Zealot x2  
  58  7:44  Warp Prism  
  58  7:45  Sentry x2  
  62  8:18  Gateway  
  62  8:19  Gateway  
  62  8:24  Stalker x2  
  64  8:33  Pylon  
  64  8:58  Stalker x2  
  68  9:23  Stalker x4  
  76  9:43  Observer  
  76  10:04  Nexus  
  76  10:08  Sentry  
  76  10:09  Sentry x2  
  80  11:03  Stalker  
  80  11:04  Stalker x2  
  84  11:10  Pylon, Probe  
  87  11:14  Probe  
  87  11:18  Probe  
  88  11:22  Probe  
  90  11:34  Sentry x4  
  98  11:48  Probe x2  
  98  11:53  Assimilator  
  100  11:55  Assimilator  
  100  11:56  Probe x2  
  102  12:05  Probe  
  102  12:06  Probe  
  102  12:08  Stargate  
  102  12:12  Pylon  
  104  12:36  Probe  
  104  12:37  Probe  
  106  12:51  Pylon  
Show
View Real Time Build Order
Export as new Build Order

Mez Terran 

Build Orders:  

Get SALT Encoding   

  12  0:00  SCV  
  13  0:12  SCV  
  14  0:19  Supply Depot  
  14  0:25  SCV  
  15  0:43  Barracks  
  15  0:54  Barracks  
  15  1:06  Barracks  
  15  1:30  Orbital Command, Marine  
  16  1:43  Supply Depot  
  16  1:44  Marine  
  17  1:48  Marine  
  17  1:52  Bunker  
  18  2:00  Marine  
  19  2:01  Marine  
  20  2:09  Marine  
  20  2:18  Marine  
  20  2:22  Bunker  
  21  2:26  Marine  
  21  2:36  Marine x2  
  22  2:38  SCV  
  21  2:44  Marine  
  21  2:50  SCV  
  22  2:59  Marine x2  
  24  3:10  Marine  
  25  3:16  SCV  
  25  3:17  Marine  
  27  3:22  Marine  
  28  3:28  Marine  
  29  3:34  Marine  
  29  3:40  Marine  
  15  3:54  Marine x2  
  14  3:56  SCV  
  15  4:02  Marine  
  16  4:12  Marine x2  
  17  4:18  SCV  
  17  4:20  Marine  
  19  4:30  SCV, Marine x2  
  22  4:38  Marine  
  23  4:46  SCV  
  23  4:48  Marine x2  
  26  4:53  Supply Depot  
  26  4:56  Marine  
  27  5:01  SCV  
  27  5:05  Marine  
  27  5:06  Marine  
  30  5:13  SCV  
  31  5:22  Marine  
  31  5:23  Marine x2  
  34  5:31  SCV  
  34  5:32  Refinery  
  35  5:45  Marine  
  35  5:46  Marine x2  
  38  5:50  SCV  
  39  6:22  Supply Depot  
  39  6:54  Command Center  
  39  6:56  Factory  
  39  7:08  Supply Depot  
  39  7:15  Supply Depot  
  39  7:18  SCV  
  40  7:30  SCV  
  41  7:41  Hellion  
  41  7:42  SCV  
  43  7:49  Barracks Tech Lab  
  43  7:53  Barracks Tech Lab  
  43  7:54  SCV  
  43  7:56  Barracks Tech Lab  
  43  8:04  Factory Tech Lab  
  19  8:13  Marauder  
  21  8:31  Siege Tank  
  24  8:40  SCV  
  16  9:43  Orbital Command  
  16  10:02  Command Center  
  13  10:45  SCV  
  14  10:50  Factory Tech Lab  
  12  11:24  Factory  
  12  11:28  Refinery  
  12  11:43  Orbital Command  
  12  12:07  Factory Tech Lab  
  12  12:10  SCV  
  13  12:34  Refinery, SCV  
  14  12:41  Supply Depot  
  14  12:44  Supply Depot  
Tags
 
Add a new tag
Caveats
  • Supply blocks, unpowered buildings, or Contaminate may cause inaccurate times.
  • Supply counts are checked every 10 seconds.